Map: Lerilak Crest

Players

SaganPagan - Winner!

  • Race: Zerg Zerg
  • League: Diamond

SticklerMac

  • Race: Zerg Zerg
  • League: Platinum

VOD

Have the link to the VOD?

Description

Time

  • Played on: Nov. 14, 2015, 6:32 p.m.
  • Length: 18:22
Show
View Real Time Build Order
Export as new Build Order

SaganPagan Zerg - Winner!

Build Orders: Pool First 

Get SALT Encoding   

  12  0:19  Spawning Pool  
  11  0:22  Extractor  
  11  0:24  Drone  
  11  0:29  Drone  
  12  0:36  Drone  
  13  0:47  Overlord  
  13  1:07  Zergling x6  
  16  1:17  Queen  
  18  1:27  Metabolic Boost  
  18  1:40  Spine Crawler  
  18  1:45  Zergling x4  
  20  2:04  Zergling x4  
  22  2:10  Overlord  
  22  2:30  Zergling x4  
  22  2:31  Zergling x4  
  25  2:52  Zergling x2  
  25  2:53  Zergling x2  
  27  2:59  Overlord  
  24  3:17  Zergling x2  
  24  3:18  Zergling x4  
  22  3:38  Overlord  
  22  3:39  Drone x3  
  22  3:41  Baneling Nest  
  20  3:57  Drone x2  
  22  4:09  Zergling x4  
  23  4:10  Zergling x2  
  22  4:17  Hatchery  
  21  4:37  Zergling x4  
  21  4:38  Zergling x2, Queen  
  26  4:41  Baneling  
  26  4:47  Baneling  
  26  4:48  Zergling x4  
  26  4:50  Zergling x2  
  28  5:09  Baneling x2  
  28  5:11  Drone x2  
  30  5:26  Overlord  
  29  5:39  Drone  
  29  5:41  Drone x3  
  32  6:02  Zergling x6  
  32  6:03  Zergling x4  
  37  6:11  Baneling x2  
  37  6:24  Drone x4  
  41  6:27  Evolution Chamber  
  41  6:31  Spine Crawler, Baneling x3  
  41  6:32  Baneling  
  39  6:56  Zergling x2  
  39  6:57  Zergling x18  
  39  6:59  Zerg Melee Weapons Level 1  
  46  7:12  Zergling x4  
  48  7:16  Queen  
  48  7:19  Baneling x2  
  48  7:21  Drone x2  
  52  7:33  Drone x2  
  54  7:41  Overlord x2  
  54  7:46  Lair, Extractor  
  54  7:48  Drone x4  
  54  7:49  Drone  
  58  7:56  Overlord  
  58  8:09  Drone  
  58  8:10  Drone x2, Extractor  
  60  8:18  Drone, Extractor  
  60  8:19  Drone x2  
  62  8:38  Drone  
  62  8:39  Drone x2  
  62  8:40  Drone  
  62  8:41  Drone  
  67  8:49  Drone  
  67  8:50  Spire  
  67  8:54  Overseer  
  67  8:56  Zerg Melee Weapons Level 2  
  67  9:04  Hatchery  
  66  9:31  Hatchery  
  65  9:39  Overlord  
  65  9:40  Overlord x2  
  65  9:42  Zergling x6  
  65  9:43  Drone x3  
  71  9:58  Overlord  
  71  9:59  Overlord  
  71  10:02  Zerg Flyer Weapons Level 1  
  71  10:19  Mutalisk x5  
  71  10:20  Mutalisk x4  
  89  10:29  Queen  
  89  10:34  Drone x8  
  99  10:47  Drone x3  
  99  10:48  Spine Crawler  
  99  10:49  Spine Crawler  
  100  10:50  Drone  
  100  10:51  Drone  
  102  11:16  Mutalisk x6  
  112  11:42  Extractor  
  112  11:43  Extractor  
  110  12:02  Mutalisk x4  
  110  12:03  Mutalisk x2  
  122  12:11  Zergling x2  
  122  12:12  Zergling x8  
  125  12:22  Overlord x2  
  125  12:23  Overlord x3  
  125  12:26  Zerg Flyer Armor Level 1  
  125  12:39  Overlord  
  125  12:40  Drone x2  
  125  12:41  Hatchery, Drone  
  127  12:44  Zerg Ground Armor Level 1  
  123  13:22  Overlord  
  123  13:25  Mutalisk x9  
  123  13:26  Mutalisk  
  141  13:35  Zergling x20  
  147  13:48  Drone  
  147  13:49  Drone x2  
  150  13:57  Baneling x3  
  150  13:58  Baneling x3  
  150  14:00  Extractor  
  149  14:03  Extractor  
  149  14:07  Overlord  
  148  14:12  Infestation Pit  
  145  14:50  Zerg Flyer Weapons Level 2  
  145  14:52  Mutalisk  
  145  14:53  Mutalisk x9  
  145  14:55  Overlord  
  145  14:58  Overlord x2  
  145  15:18  Mutalisk  
  145  15:19  Mutalisk, Zergling x2  
  145  15:20  Zergling x16  
  146  15:32  Drone x2  
  146  15:33  Drone  
  134  15:56  Spore Crawler  
  128  15:58  Spore Crawler  
  128  16:00  Spore Crawler x2, Drone  
  128  16:01  Drone  
  127  16:13  Mutalisk x8  
  127  16:14  Mutalisk x3  
  135  16:25  Mutalisk x2  
  127  16:30  Queen  
  127  16:31  Queen  
  131  16:36  Zergling x2  
  131  16:41  Hatchery  
  128  16:48  Mutalisk x2  
  128  16:49  Mutalisk x2  
  134  16:55  Zergling x2  
  134  16:56  Zergling x18  
  134  17:00  Queen  
  143  17:07  Mutalisk x4  
  144  17:10  Zergling x10  
  144  17:32  Mutalisk x5  
  150  17:50  Mutalisk, Zergling x16  
  150  17:51  Mutalisk x2, Zergling x2  
Show
View Real Time Build Order
Export as new Build Order

SticklerMac Zerg 

Build Orders: Hatch First 

Get SALT Encoding   

  12  0:01  Drone  
  13  0:12  Overlord  
  13  0:17  Drone  
  14  0:32  Drone x2  
  16  0:40  Drone  
  17  1:01  Hatchery  
  17  1:03  Drone  
  17  1:05  Drone  
  17  1:09  Extractor  
  17  1:13  Drone  
  18  1:25  Spawning Pool  
  18  1:28  Drone  
  18  1:34  Drone  
  19  1:46  Drone  
  19  2:13  Queen  
  21  2:18  Zergling x4  
  21  2:19  Zergling x2  
  21  2:21  Zergling x2  
  25  2:25  Zergling x2  
  26  2:33  Zergling x2  
  27  2:44  Zergling x2  
  28  2:58  Overlord  
  27  3:06  Metabolic Boost  
  27  3:10  Overlord  
  23  3:20  Zergling x2  
  23  3:26  Zergling x8  
  25  3:42  Zergling x2  
  25  3:52  Zergling x2  
  25  3:53  Queen  
  22  4:03  Zergling x2  
  19  4:14  Zergling x2  
  18  4:28  Zergling x2  
  19  4:37  Zergling x2  
  20  4:43  Hatchery  
  20  4:48  Zergling x2  
  21  4:53  Hatchery  
  20  5:06  Zergling x4  
  21  5:09  Drone  
  22  5:27  Zergling x6  
  23  5:29  Baneling Nest  
  22  5:40  Zergling x2  
  23  5:51  Zergling x2  
  22  6:04  Zergling x2  
  22  6:08  Overlord x2  
  23  6:15  Zergling x2  
  23  6:16  Zergling x2  
  25  6:24  Zergling x4  
  27  6:29  Drone  
  28  6:34  Baneling  
  28  6:35  Baneling  
  26  7:00  Baneling x6  
  26  7:06  Zergling x4  
  27  7:18  Queen  
  29  7:32  Drone x2  
  29  7:34  Drone  
  32  7:49  Queen  
  34  7:55  Zergling x2  
  34  7:57  Zergling x2  
  36  8:21  Drone x5  
  36  8:22  Drone  
  42  8:38  Drone x2  
  44  8:42  Lair  
  44  8:44  Drone  
  45  8:49  Drone x2  
  46  9:15  Drone x6  
  52  9:19  Overlord  
  52  9:20  Overlord x2  
  52  9:23  Overlord  
  52  9:27  Extractor  
  52  9:30  Extractor  
  50  9:34  Extractor  
  49  10:02  Drone x4  
  53  10:07  Spire  
  53  10:09  Drone x4  
  53  10:10  Drone x4  
  60  10:19  Drone x2  
  60  10:20  Drone  
  63  10:35  Spore Crawler  
  62  10:37  Spore Crawler  
  61  10:54  Hatchery  
  60  11:02  Overlord x3  
  57  11:26  Mutalisk  
  57  11:27  Mutalisk x10  
  79  11:36  Spore Crawler  
  79  11:37  Spore Crawler  
  75  11:40  Spore Crawler  
  75  11:41  Spore Crawler  
  73  11:51  Overlord x3  
  71  12:19  Mutalisk x4  
  75  12:27  Overlord x2  
  75  12:28  Overlord  
  75  12:45  Queen  
  75  12:50  Mutalisk x4  
  75  12:51  Mutalisk  
  74  13:28  Overlord x3  
  74  13:29  Overlord  
  74  13:48  Mutalisk x2  
  74  13:49  Mutalisk x3  
  84  14:01  Zergling x8  
  88  14:03  Queen  
  88  14:07  Mutalisk  
  92  14:15  Mutalisk x2  
  94  14:24  Mutalisk x2  
  93  14:39  Mutalisk x2  
  97  14:51  Mutalisk  
  94  15:27  Overlord  
  94  15:28  Overlord x5  
  76  15:49  Mutalisk  
  76  15:50  Mutalisk  
  80  16:02  Mutalisk x2  
  80  16:03  Mutalisk x2  
  66  16:52  Zergling x6  
  66  16:53  Zergling x6  
  54  17:20  Drone  
  54  17:21  Drone x2  
Tags
 
Add a new tag
Caveats
  • Supply blocks, unpowered buildings, or Contaminate may cause inaccurate times.
  • Supply counts are checked every 10 seconds.